 Dungeon Crawl Stone Soup version 0.24.1-11-gbbbb2193e6 (webtiles) character file.

Game seed: 17878216514648958851, levelgen mode: deterministic

725 Descartes the Insei (level 7, -4/38 HPs)
             Began as a Vine Stalker Monk on May 15, 2020.
             Slain by a wight
             ... wielding a cursed +3 dire flail
              (6 damage)
             ... on level 4 of the Dungeon.
             The game lasted 00:06:34 (3032 turns).

Descartes the Insei (Vine Stalker Monk)             Turns: 3032, Time: 00:06:35

Health: -4/38      AC:  8    Str: 16    XL:     7   Next: 72%
Magic:  0/9        EV: 10    Int:  8    God:
Gold:   91         SH:  0    Dex: 16    Spells: 6/6 levels left

rFire    . . .     SeeInvis .     - Unarmed
rCold    . . .     Gourm    .   (no shield)
rNeg     . . .     Faith    .   f - +0 scale mail
rPois    .         Spirit   +   (no helmet)
rElec    .         Reflect  .   w - +1 cloak
rCorr    .         Harm     .   (no gloves)
MR       .....                  (no boots)
Stlth    ..........             (no amulet)
HPRegen  0.92/turn              (no ring)
MPRegen  0.11/turn              (no ring)

@: heavily drained
A: fangs 2, dopey 1, regeneration 2, magic shield, antimagic bite, no potion
heal 3, rot immunity
a: no special abilities


You were on level 4 of the Dungeon.
You were not hungry.

You visited 1 branch of the dungeon, and saw 6 of its levels.

You collected 91 gold pieces.

Inventory:

Missiles
 a - 42 arrows
 e - 106 stones (quivered)
 l - 24 poisoned darts
 u - 2 curare-tipped darts
Armour
 f - a +0 scale mail (worn)
 w - a +1 cloak (worn)
Wands
 p - a wand of random effects (14)
Scrolls
 d - a scroll of enchant armour {unknown}
 g - 4 scrolls of identify
 h - 2 scrolls of magic mapping {unknown}
 m - a scroll of remove curse {unknown}
 o - 2 scrolls of noise
 r - a scroll of blinking {unknown}
 s - a scroll of enchant weapon {unknown}
 t - a scroll of fog {unknown}
 v - 2 scrolls of teleportation {unknown}
Potions
 c - a potion of haste
 i - a potion of agility {unknown}
 j - 3 potions of curing
 k - a potion of mutation
 q - a potion of degeneration {unknown}
Comestibles
 b - 6 rations
 n - 4 chunks of flesh


   Skills:
 + Level 4.5(2.5) Fighting
 + Level 3.0(1.1) Armour
 + Level 4.0(2.0) Dodging
 - Level 2.4(0.5) Stealth
 + Level 5.0(3.0) Unarmed Combat
 + Level 1.5(0.0) Evocations


You had 6 spell levels left.
You didn't know any spells.
Your spell library was empty.

Dungeon Overview and Level Annotations

Branches:
Dungeon (6/15)
 Temple: D:4-7

Altars:
Cheibriados
Nemelex Xobeh
Sif Muna
Uskayaw
Wu Jian


Innate Abilities, Weirdness & Mutations

You have extremely sharp teeth.
You heal very quickly.
When hurt, damage is shared between your health and your magic reserves.
Your bite disrupts and absorbs the magic of your enemies.
Potions cannot restore your health.
You are immune to rotting.
You are dopey. (Int -2)


Message History

It was a potion of mutation.
You feel extremely strange.
You feel stupid.
You begin to heal more quickly.
The wight hits you with a cursed +3 dire flail.
* * * LOW HITPOINT WARNING * * *
You feel drained. The orc hits you with a +0 short sword.
* * * LOW HITPOINT WARNING * * *
You closely miss the orc. The wight barely misses you.
The orc hits you with a +0 short sword.
* * * LOW HITPOINT WARNING * * *
As you read the scroll labeled VUZ ERIKLUNT, it crumbles to dust.
You hear a loud clanging noise!
It was a scroll of noise.
The wight hits you with a cursed +3 dire flail.
* * * LOW HITPOINT WARNING * * *
The orc hits you but does no damage.
As you read the scroll labeled ZONEXI TAJO, it crumbles to dust.
It is a scroll of identify.
c - a potion of haste The wight hits you with a cursed +3 dire flail.
You die...

........#
........#
........##########
.................#
######...........#
#...........#
#...........#
###...........#
#.......z@....#
#.......o.....#
#...###########
#...# #...# #...#
#... #.


You could see a wight and an orc.

Vanquished Creatures
  Sigmund (D:2)
  A black bear (D:6)
  A bullfrog (D:6)
  2 wights (D:4)
  A crimson imp (D:2)
  2 orc priests (D:3)
  2 orc wizards (D:3)
  An iguana (D:5)
  A worker ant (D:3)
  A hound skeleton (D:5)
  3 adders
  2 oozes
  A worm (D:3)
  A dart slug (D:1)
  A leopard gecko (D:3)
  11 orcs
  6 giant cockroaches
  4 goblins
  8 hobgoblins
  9 jackals
  8 kobolds
  A quokka (D:6)
  6 bats
  9 frilled lizards
  2 rats
85 creatures vanquished.

Notes
Turn   | Place    | Note
-------+----------+-------------------------------------------
     0 | D:1      | Descartes the Vine Stalker Monk began the quest for the
                  | Orb.
     0 | D:1      | Reached XP level 1. HP: 11/11 MP: 2/2
   138 | D:1      | Reached XP level 2. HP: 10/16 MP: 0/3
   795 | D:1      | Found a sparkling altar of Nemelex Xobeh.
   888 | D:1      | Reached XP level 3. HP: 14/20 MP: 2/4
  1128 | D:2      | Reached skill level 1 in Armour
  1128 | D:2      | Gained mutation: Your natural rate of healing is unusually
                  | fast. [Vine Stalker growth]
  1128 | D:2      | Reached XP level 4. HP: 24/24 MP: 5/5
  1245 | D:2      | Noticed Sigmund
  1263 | D:2      | Killed Sigmund
  1263 | D:2      | Reached skill level 4 in Unarmed Combat
  1263 | D:2      | Reached XP level 5. HP: 13/29 MP: 0/6
  1263 | D:2      | Reached XP level 6. HP: 15/33 MP: 0/7
  1377 | D:2      | Found a snail-covered altar of Cheibriados.
  1379 | D:2      | Found an ornate altar of the Wu Jian Council.
  2704 | D:3      | Reached XP level 7. HP: 37/37 MP: 8/8
  2711 | D:3      | Found a shimmering blue altar of Sif Muna.
  2850 | D:3      | You fall into a shaft and drop 3 floors!
  2896 | D:6      | Reached skill level 1 in Evocations
  2902 | D:5      | Entered Level 5 of the Dungeon
  2909 | D:5      | Found a hide-covered altar of Uskayaw.
  3010 | D:4      | Reached skill level 5 in Unarmed Combat
  3028 | D:4      | Gained mutation: You are dopey. (Int -2) [potion of
                  | mutation]
  3028 | D:4      | Gained mutation: You heal very quickly. [potion of
                  | mutation]
  3030 | D:4      | HP: 1/38 [orc/+0 short sword (3)]
  3032 | D:4      | Slain by a wight

Levels and vault maps discovered:
D:1:      minmay_arrival_diagonal_passages, layout_basic, nemelex_altar_shiori
D:2:      layout_loops_ring, chequers_temple_overflow_statue_of_worship,
          chequers_mini_garden, minmay_stone_trees_large, grunt_ministairs_11,
          minmay_lizard_pond, uniq_sigmund
D:3:      layout_loops_ring, tgw_sif
D:4:      layout_basic, lemuel_coloured_pillars_altar, serial_shops,
          shop_fountains, kennysheep_pointless_box, minmay_door_square
D:5:      layout_cave_pods, overflow_temple_1_default, first_ration,
          kennysheep_generic_room_2, uniq_crazy_yiuf_cottage
D:6:      layout_basic, temple_hall, minmay_misc_feat_iff, minivault_25

Skill      XL: |  1  2  3  4  5  6  7 |
---------------+----------------------+-----
Fighting       | 3 4 |  4.5
Armour         | 1 2 3 |  3.0
Dodging        | 3 4 |  4.0
Unarmed Combat | 4 5 |  5.0
Evocations     | 1 |  1.5
Stealth        | |  2.4

Action                   |  1- 3 |  4- 6 |  7- 9 || total
-------------------------+-------+-------+-------++-------
Melee: Unarmed           |    64 |   213 |    45 ||   322
       Bite              |    18 |    62 |    22 ||   102
       Punch             |     1 |     6 |       ||     7
Evoke: Wand              |       |     4 |     1 ||     5
  Use: Scroll            |       |       |     2 ||     2
       Potion            |       |       |     2 ||     2
 Stab: Sleeping          |     3 |       |       ||     3
  Eat: Chunk             |     1 |     5 |     1 ||     7
Armor: Robe              |     6 |       |       ||     6
       Scale mail        |    12 |    69 |    20 ||   101
Dodge: Dodged            |    41 |    90 |    29 ||   160
